 Dungeon Crawl Stone Soup version 0.23-a0-386-g9c9d49f (webtiles) character file.

12911 Gergoth the Basher (level 12, -3/77 HPs)
             Began as a Gargoyle Fighter on Oct 28, 2018.
             Was a Priest of Vehumet.
             Killed from afar by a lindwurm (27 damage)
             ... with a blast of flame
             ... on level 2 of the Lair of Beasts.
             The game lasted 00:23:58 (12472 turns).

Gergoth the Basher (Gargoyle Fighter)              Turns: 12472, Time: 00:23:59

Health: -3/77      AC: 21    Str: 20    XL:     12   Next: 0%
Magic:  26/26      EV:  7    Int: 19    God:    Vehumet [***...]
Gold:   417        SH:  9    Dex:  9    Spells: 32/32 levels left

rFire    . . .     SeeInvis .   s - +0 whip (elec)
rCold    . . .     Gourm    .   c - +0 shield
rNeg     + . .     Faith    .   b - +0 scale mail
rPois    ∞         Spirit   .   l - +1 helmet
rElec    +         Reflect  .   p - +0 cloak
rCorr    .         Harm     .   e - +1 pair of gloves
MR       .....                  (no boots)
Stlth    ..........             y - amulet of the acrobat
HPRegen  0.22/turn              (no ring)
MPRegen  0.20/turn              a - +5 ring of intelligence

@: studying Armour
A: negative energy resistance 1, electricity resistance, unbreathing,
petrification resistance, rot immunity, AC +8
a: Renounce Religion


You were on level 2 of the Lair of Beasts.
You worshipped Vehumet.
Vehumet was most pleased with you.
You were not hungry.

You visited 3 branches of the dungeon, and saw 12 of its levels.

You collected 489 gold pieces.
You spent 72 gold pieces at shops.

Inventory:

Hand Weapons
 s - a +0 whip of electrocution (weapon)
Armour
 b - a +0 scale mail (worn)
 c - a +0 shield (worn)
 e - a +1 pair of gloves (worn)
 l - a +1 helmet (worn)
 p - a +0 cloak (worn)
Magical Staves
 w - an uncursed staff of wizardry
Jewellery
 a - a +5 ring of intelligence (right hand)
 y - an amulet of the acrobat (around neck)
 D - a cursed amulet of inaccuracy {unknown}
Wands
 m - a wand of paralysis (5)
Scrolls
 g - a scroll of vulnerability {unknown}
 i - 4 scrolls of identify
 j - a scroll of amnesia {unknown}
 n - 2 scrolls of magic mapping
 v - 3 scrolls of fog
 z - a scroll of silence {unknown}
 A - 2 scrolls of blinking
 E - a scroll of brand weapon {unknown}
Potions
 h - 5 potions of curing
 k - a potion of flight {unknown}
 o - 3 potions of haste {unknown}
 q - 2 potions of resistance
 r - 3 potions of mutation {unknown}
 t - a potion of invisibility {unknown}
 u - a potion of degeneration {unknown}
 x - a potion of brilliance {unknown}
 B - a potion of heal wounds {unknown}
Books
 C - a manual of Armour
Comestibles
 f - 16 rations


   Skills:
 - Level 10.0 Fighting
 + Level 11.9 Maces & Flails
 - Level 3.2 Armour
 - Level 3.2 Shields
 + Level 10.8 Spellcasting


You had 32 spell levels left.
You didn't know any spells.
Your spell library was empty.

Dungeon Overview and Level Annotations

Branches:
Dungeon (9/15)             Temple (1/1) D:7            Lair (2/6) D:8
  Snake (0/4) Lair:2
  Swamp: Lair:2-4    Shoals: Lair:2-4       Orc: D:9-12

Altars:
Ashenzari
Cheibriados
Elyvilon
Fedhas
Gozag
Hepliaklqana
Kikubaaqudgha
Nemelex Xobeh
Okawaru
Qazlal
Ru
Sif Muna
Trog
Uskayaw
Vehumet
Wu Jian
Xom
Yredelemnul
Zin
The Shining One

Shops:
D:3 *   D:4 *

Portals:
Volcano: Lair:2

Annotations:
D:9 Gastronok


Innate Abilities, Weirdness & Mutations

You are resistant to torment.
Your stone body is resilient. (AC +8)
You are immune to poison.
You resist negative energy. (rN+)
You are resistant to electric shocks. (rElec)
You can survive without breathing.
You are immune to petrification.
You are immune to rotting.


Message History

The lindwurm claws you but does no damage.
You completely miss the lindwurm.
The lindwurm is almost dead.
You hit the lindwurm.
The lindwurm is almost dead.
The lindwurm breathes flames at you. The blast of flame hits you!
Your shield and scale mail prevent you from hitting the lindwurm.
The lindwurm is almost dead.
The lindwurm bites you.
* * * LOW HITPOINT WARNING * * *
The lindwurm claws you but does no damage.
You block the lindwurm's attack.
You hit the lindwurm but do no damage.
The lindwurm is almost dead.
You barely miss the lindwurm.
The lindwurm is almost dead.
The lindwurm breathes flames at you. The blast of flame hits you!
You die...

#.≈...#*,,,,,,,,,,,,
#.≈≈.##*,,,,,,*,,,,,
##.≈.##*,,,,*,,,,,,,
#..≈..#,,*,,,,,,,,,,
##§≈≈.##*,*,,,,,,,,,,
#§§§..# *,,,,,,,,,,*,
#§§≈.## *,*,*,,,,,,,,
#§≈..# *,,,,,,,,,,,,
#.≈.@# ***,,**,,*,,*
#.§≈k# **,*****,,,
#..≈.# ******* *,,,
#..≈.# ***,**,,***,,,
##∩≈.# *,,>,,,,,,<,,,
##### *,,,,*,,,,,,,,
***
******,,**,*,,,*,*
*,*
*,,**,,,**,,****,,
*,*
*,,,**,,,,,,*,*,,,


You could see a lindwurm.

Vanquished Creatures
  A hydra (D:7)
  Harold (D:7)
  A black mamba (Lair:1)
  2 spiny frogs
  3 komodo dragons
  A queen bee (D:8)
  4 hippogriffs
  A wyvern (D:8)
  18 yaks
  A basilisk (D:8)
  A hungry ghost (D:8)
  A steam dragon (D:8)
  3 nagas (Lair:2)
  7 water moccasins
  2 porcupines (Lair:1)
  2 orc warriors (D:7)
  2 sky beasts
  A phantom (D:8)
  3 ice beasts (D:8)
  An eye of draining (D:7)
  A black bear (D:8)
  6 ogres
  5 wolves (Lair:1)
  A centaur (D:9)
  2 crocodiles (Lair:1)
  2 bullfrogs
  3 scorpions
  16 killer bees
  2 vampire bats (Lair:1)
  5 howler monkeys
  A bullfrog zombie (D:8)
  3 crimson imps
  4 hounds
  A jelly (D:5)
  5 orc priests
  6 orc wizards
  3 bullfrog skeletons
  An iguana (D:8)
  8 worker ants
  A hound zombie (D:8)
  2 worker ant zombies (D:8)
  6 gnolls
  12 adders
  A howler monkey skeleton (D:5)
  2 shadow imps
  2 oozes
  4 adder skeletons
  2 worms (D:4)
  3 dart slugs
  5 leopard geckos
  20 orcs
  5 giant cockroaches
  8 goblins
  6 hobgoblins
  11 jackals
  5 quokkas
  3 ball pythons
  12 bats
  8 frilled lizards
  A kobold (D:3)
  A leopard gecko skeleton (D:6)
  6 rats
257 creatures vanquished.

Vanquished Creatures (others)
  A fungus (Lair:1)
1 creature vanquished.

Grand Total: 258 creatures vanquished

Notes
Turn   | Place    | Note
-------+----------+-------------------------------------------
     0 | D:1      | Gergoth the Gargoyle Fighter began the quest for the Orb.
     0 | D:1      | Reached XP level 1. HP: 14/14 MP: 1/1
   605 | D:2      | Reached XP level 2. HP: 11/19 MP: 2/2
   778 | D:2      | Reached skill level 1 in Spellcasting
   816 | D:2      | HP: 1/20 [goblin/stone (3)]
  1141 | D:2      | Reached XP level 3. HP: 24/24 MP: 4/4
  1205 | D:2      | Found a blossoming altar of Fedhas.
  1425 | D:2      | Reached XP level 4. HP: 23/29 MP: 6/6
  1800 | D:2      | Reached skill level 3 in Maces & Flails
  1828 | D:3      | Found a glowing silver altar of Zin.
  1831 | D:3      | Found Zin's Purification Station.
  1844 | D:3      | Found a bloodstained altar of Trog.
  2111 | D:3      | Reached XP level 5. HP: 30/34 MP: 8/8
  2307 | D:3      | Found a shimmering altar of Xom.
  2533 | D:3      | Found a glowing golden altar of the Shining One.
  2631 | D:4      | Found Tegao's Assorted Antiques.
  2665 | D:4      | Noticed an ogre
  2676 | D:4      | Killed an ogre
  2676 | D:4      | Reached skill level 5 in Fighting
  2676 | D:4      | Reached skill level 4 in Maces & Flails
  2676 | D:4      | Reached XP level 6. HP: 29/40 MP: 8/10
  3131 | D:4      | Found a snail-covered altar of Cheibriados.
  3247 | D:5      | Entered Level 5 of the Dungeon
  3300 | D:5      | Reached XP level 7. HP: 31/44 MP: 12/12
  3452 | D:5      | Found a hazy altar of Hepliaklqana.
  3758 | D:5      | Reached skill level 5 in Maces & Flails
  3846 | D:5      | Reached XP level 8. HP: 52/52 MP: 14/14
  4355 | D:6      | Reached skill level 6 in Maces & Flails
  4355 | D:6      | Reached skill level 5 in Spellcasting
  4554 | D:6      | You fall through a shaft for 3 floors!
  4647 | D:9      | Noticed a hippogriff
  4682 | D:9      | Killed a hippogriff
  4867 | D:9      | Reached XP level 9. HP: 32/59 MP: 17/17
  4938 | D:9      | Noticed Harold
  4997 | D:8      | Reached skill level 7 in Maces & Flails
  5718 | D:7      | Found a hide-covered altar of Uskayaw.
  6237 | D:4      | Bought a scroll of remove curse for 72 gold pieces
  6356 | D:7      | Found a staircase to the Ecumenical Temple.
  6368 | Temple   | Entered the Ecumenical Temple
  6403 | Temple   | Became a worshipper of Vehumet
  6575 | D:7      | Found a sacrificial altar of Ru.
  7543 | D:7      | Reached skill level 8 in Maces & Flails
  7721 | D:8      | Reached * piety under Vehumet
  7721 | D:8      | Offered knowledge of Magic Dart by Vehumet.
  7745 | D:8      | Reached XP level 10. HP: 47/66 MP: 20/20
  8038 | D:8      | Noticed a six-headed hydra
  8194 | D:8      | Reached skill level 10 in Fighting
  8302 | D:8      | Reached skill level 9 in Maces & Flails
  8607 | D:8      | Found a sparkling altar of Nemelex Xobeh.
  8728 | D:8      | Reached ** piety under Vehumet
  8728 | D:8      | Offered knowledge of Sting by Vehumet.
  8890 | D:8      | Found a staircase to the Lair.
  9661 | D:7      | Killed a six-headed hydra
  9661 | D:7      | Reached skill level 10 in Maces & Flails
  9661 | D:7      | Reached XP level 11. HP: 28/72 MP: 22/24
  9876 | D:7      | Killed Harold
 10003 | D:9      | Noticed Gastronok
 10325 | Lair:1   | Entered Level 1 of the Lair of Beasts
 11099 | Lair:1   | Reached skill level 11 in Maces & Flails
 11105 | Lair:1   | Reached skill level 10 in Spellcasting
 11276 | Lair:1   | Offered knowledge of Ignite Poison by Vehumet.
 11543 | Lair:1   | Reached *** piety under Vehumet
 12037 | Lair:2   | Found a staircase to the Snake Pit.
 12061 | Lair:1   | HP: 3/72 [komodo dragon (10)]
 12444 | Lair:2   | Reached XP level 12. HP: 64/77 MP: 26/26
 12455 | Lair:2   | Found a dark tunnel.
 12472 | Lair:2   | Killed from afar by a lindwurm

Vault maps used:
D:1:      dpeg_arrival_fog
D:2:      nicolae_overflow_crystal_walls, chequers_jeans
D:3:      marbit_many_paths, old_standard_altar, zin_purify,
          corexii_corridor_pit, tso_altar
D:4:      kennysheep_slug_shrine, first_ration, serial_shops,
          nicolae_shop_crystal
D:5:      overflow_temple_1_default
D:6:      grunt_tough_drop
D:7:      overflow_temple_1_default, nicolae_ru_great_annihilating_truth,
          minmay_temple_entry_mist
D:8:      kennysheep_mini_moat, erik_lair_dragon, david_nohive_1,
          minmay_manual_macuahuitl
D:9:      gammafunk_temple_overflow_elements, kennysheep_mini, uniq_harold,
          uniq_gastronok
Temple:   chequers_temple_sunken
Lair:1:   roderic_batcave
Lair:2:   cheibrodos_lair_river_kwai, guppyfry_snake_entry_island,
          nicolae_volcano_entry_vermiform, cheibrodos_lair_caveside_slide,
          grunt_megastairs_2

Skill      XL: |  1  2  3  4  5  6  7  8  9 10 11 |
---------------+----------------------------------+-----
Spellcasting   | 1 2 3 4 5 7 9 10 | 10.8
Fighting       | 4 5 6 7 9 10 | 10.0
Maces & Flails | 3 4 5 6 8 10 11 | 11.9
Armour         | |  3.2
Shields        | |  3.2

Action                   |  1- 3 |  4- 6 |  7- 9 | 10-12 || total
-------------------------+-------+-------+-------+-------++-------
Melee: Flail             |   163 |    87 |       |       ||   250
       Whip              |       |   101 |   364 |   737 ||  1202
       Mace              |       |       |   360 |       ||   360
Evoke: Wand              |       |       |     2 |     2 ||     4
  Use: Scroll            |     4 |     5 |     9 |     2 ||    20
       Potion            |       |       |       |     1 ||     1
 Stab: Invisible         |       |       |     1 |       ||     1
       Paralysed         |       |       |     1 |       ||     1
  Eat: Chunk             |     2 |     6 |    15 |    12 ||    35
       Ration            |       |       |       |     2 ||     2
Armor: Scale mail        |   107 |    85 |   408 |   320 ||   920
Dodge: Dodged            |    55 |    57 |   263 |   189 ||   564
Block: Shield            |   103 |    93 |   332 |   271 ||   799

Table legend:
 A = Non-vault XP
 B = Vault XP
 C = Vault XP percentage of total XP
 D = Non-vault monster count
 E = Vault monster count
 F = Vault count percentage of total count
                 A         B        C        D         E       F
            +---------+---------+-------+---------+---------+-------
      Total |   13359 |    5086 |  27.6 |     215 |      42 |  16.3
            +---------+---------+-------+---------+---------+-------
        D:1 |       7 |       0 |   0.0 |       5 |       0 |   0.0
        D:2 |      97 |       0 |   0.0 |      24 |       0 |   0.0
        D:3 |     137 |      13 |   8.7 |      27 |       1 |   3.6
        D:4 |     230 |       4 |   1.7 |      10 |       1 |   9.1
        D:5 |     700 |       0 |   0.0 |      19 |       0 |   0.0
        D:6 |     795 |      13 |   1.6 |      30 |       1 |   3.2
        D:7 |    1283 |    2249 |  63.7 |      21 |      10 |  32.3
        D:8 |    3275 |    2193 |  40.1 |      41 |      17 |  29.3
        D:9 |     524 |       0 |   0.0 |       5 |       0 |   0.0
     Lair:1 |    5811 |     122 |   2.1 |      30 |       9 |  23.1
     Lair:2 |     500 |     492 |  49.6 |       3 |       3 |  50.0
            +---------+---------+-------+---------+---------+-------
